 Dungeon Crawl Stone Soup version 0.28-a0-1486-g8196b01e9b (console) character file.

Game seed: 9188280730369862823

1010 Banquo the Magician (level 8, -7/58 HPs)
             Began as a Djinni Cinder Acolyte on Jan 12, 2022.
             Was an Initiate of Ashenzari.
             Mangled by a fire elemental (10 damage)
             ... created by the fiery vengeance of Ignis
             ... in the Ecumenical Temple.
             The game lasted 00:18:49 (8136 turns).

Banquo the Magician (Djinni Cinder Acolyte)         Turns: 8136, Time: 00:18:49

Health: -7/58      AC:  4    Str: 13    XL:     8   Next: 44%
Gold:   30         EV: 12    Int: 18    God:    Ashenzari [......] SH:  0 Dex:  9

rFire   . . .      SeeInvis .   a - +4 dagger {flame, Will+}
rCold   x . .      Faith    .   (no shield)
rNeg    . . .      Spirit   .   d - +0 robe
rPois   ∞          Reflect  .   h - +0 helmet
rElec   .          Harm     .   (no cloak)
rCorr   .          Rampage  .   g - +0 pair of gloves
Will    +....                   (boots unavailable)
Stlth   +.........              (no amulet)
HPRegen 0.19/turn               (no ring)
MPRegen 0.00/turn               (no ring)

@: flying, fire susceptible
A: sickness immunity, fire resistance 2, cold vulnerability 1, float, innate
caster, hp casting, extra vitality 1
a: Renounce Religion


You were in the Ecumenical Temple.
You worshipped Ashenzari.
Ashenzari was noncommittal.
You visited 2 branches of the dungeon, and saw 7 of its levels.

You collected 192 gold pieces.
You spent 162 gold pieces at shops.

Inventory:

Hand Weapons
 a - the +4 dagger of the Endless March (weapon) {flame, Will+}
   (You found it on level 6 of the Dungeon)

   It burns those it strikes, dealing additional fire damage.
   Will:      It increases your willpower.
 i - a +0 falchion
 j - a +0 spear
 y - a +0 war axe
 z - a +0 short sword
 G - a +0 mace of holy wrath
 J - a -1 short sword of flaming
Missiles
 c - 131 stones
 n - 10 boomerangs
Armour
 d - a +0 robe (worn)
 g - a +0 pair of gloves (worn)
 h - a +0 helmet (worn)
 D - a +0 pair of gloves
Magical Staves
 p - a staff of poison
Jewellery
 o - an amulet of reflection
 u - a ring of fire
Wands
 w - a wand of flame (11)
 B - a wand of digging (11)
 E - a wand of polymorph (3)
Scrolls
 f - a scroll of fear {unknown}
 m - a scroll of silence {unknown}
 q - a scroll of vulnerability {unknown}
 r - a scroll of amnesia {unknown}
 s - a scroll of enchant armour {unknown}
 t - a scroll of enchant weapon {unknown}
 v - a scroll of torment {unknown}
 x - 2 scrolls of acquirement {unknown}
 H - a scroll of teleportation {unknown}
 I - a scroll of blinking
Potions
 b - a potion of flight
 e - a potion of lignification
 k - a potion of berserk rage
 l - 3 potions of curing
 A - 2 potions of attraction {unknown}
 C - 2 potions of ambrosia {unknown}
 F - a potion of haste


   Skills:
 * Level 4.2 Fighting
 * Level 3.9 Short Blades
 * Level 2.7 Dodging
 * Level 6.3 Spellcasting


You had 11 spell levels left.
You knew the following spells:

 Your Spells              Type           Power      Damage    Failure   Level
a - Scorch                Fire           56%        2d8       1%          2
b - Sting                 Tmut/Pois      100%       1d8       1%          1
c - Lesser Beckoning      Tloc           28%        N/A       2%          3
z - Poisonous Vapours     Pois/Air       56%        N/A       1%          2
Your spell library was empty.

Dungeon Overview and Level Annotations

Branches:
Dungeon (6/15)             Temple (1/1) D:6

Altars:
Ashenzari
Cheibriados
Dithmenos
Elyvilon
Fedhas
Gozag
Hepliaklqana
Kikubaaqudgha
Makhleb
Nemelex Xobeh
Okawaru
Qazlal
Sif Muna
Trog
Uskayaw
Vehumet
Wu Jian
Xom
Yredelemnul
Zin
The Shining One

Shops:
D:6 *

Annotations:
D:5 1 runed translucent door, raistware's ghost, novice OgFE


Innate Abilities, Weirdness & Mutations

You are immune to sickness and miasma.
You are immune to poison.
Your flesh is very heat resistant. (rF++)
You are vulnerable to cold. (rC-)
You float through the air rather than walking.
You learn spells naturally, not from books.
Your magical power is your life essence.
You have superior vitality. (+4 MHP)


Message History

The water moccasin zombie bites you.
Casting: Scorch (safe; 1% risk of failure)
Confirm with . or Enter, or press ? or * to list all spells.
Flames lash the water moccasin zombie.
The water moccasin zombie is burned terribly!
The water moccasin zombie is almost destroyed.
* * * LOW HITPOINT WARNING * * *
The water moccasin zombie bites you.
* * * LOW HITPOINT WARNING * * *
The water moccasin zombie bites you.
* * * LOW HITPOINT WARNING * * *
The water moccasin zombie bites you but does no damage.
Casting: Scorch (safe; 1% risk of failure)
Confirm with . or Enter, or press ? or * to list all spells.
Flames lash the water moccasin zombie.
The water moccasin zombie is burned terribly!
You destroy the water moccasin zombie!
* * * LOW HITPOINT WARNING * * *
Unknown command.
You see here a necrophage corpse.
You start resting.
Ignis calls forth spirits of fire to unmake you! 2 fire elementals come into view.
The fire elemental barely misses you. The fire elemental closely misses you.
The fire elemental hits you. The fire elemental burns you!
The fire elemental hits you. The fire elemental burns you!
The fire elemental hits you. The fire elemental burns you!
* * * LOW HITPOINT WARNING * * *
There is a staircase to the Ecumenical Temple here.
The fire elemental hits you.
* * * LOW HITPOINT WARNING * * *
The fire elemental burns you!
* * * LOW HITPOINT WARNING * * *
The fire elemental closely misses you.
You fly downwards.
Welcome back to the Ecumenical Temple!
There is a staircase back to the Dungeon here.
The fire elemental barely misses you. The fire elemental hits you.
The fire elemental burns you!
You die...

..........###............#.....#.
.........................#.._..#.
.....###.................#.....#.
....#...#.......###.......#...#..
...#.....#.....#...#.......###...
...#.._..#....#..☼○.#............
...#.....#....#.☼○..#............
....#...#.....#EE...#............
.....###.......#@..#.............
................###.......###....
.........................#...#...
........###.............#.....#..
.......#...#............#.._..#..
#.....#.....#...........#.....#..
#.....#.._..#.....###....#...#...
#.....#.....#....#...#....###....
.......#...#....#.....#.........#


You could see 2 fire elementals.

Vanquished Creatures
  Grinder (D:6)
  A necrophage (D:6)
  A phantom (D:6)
  A water moccasin zombie (D:6)
  2 scorpions (D:5)
  An orc priest (D:5)
  A hound (D:5)
  2 centaur skeletons
  An iguana (D:6)
  5 orc wizards
  Terence (D:2)
  A hound skeleton (D:5)
  Robin (D:4)
  3 adders
  A worm (D:3)
  An adder skeleton (D:4)
  3 dart slugs
  19 orcs
  9 ball pythons
  7 endoplasms
  5 giant cockroaches
  8 goblins
  15 hobgoblins
  3 jackals (D:1)
  3 quokkas (D:3)
  4 bats
  4 frilled lizards
  6 kobolds
  4 rats
114 creatures vanquished.

Vanquished Creatures (others)
  128 foxfires (Temple)
128 creatures vanquished.

Grand Total: 242 creatures vanquished

Notes
Turn   | Place    | Note
-------+----------+-------------------------------------------
     0 | D:1      | Banquo the Djinni Cinder Acolyte began the quest for the
                  | Orb.
     0 | D:1      | Reached XP level 1. HP: 20/20 MP: 0/0
   117 | D:1      | Reached XP level 2. HP: 22/25 MP: 0/0
   986 | D:1      | Reached XP level 3. HP: 26/30 MP: 0/0
   986 | D:1      | Learned a level 1 spell: Sting
  1441 | D:2      | Noticed Terence
  1445 | D:2      | Killed Terence
  1446 | D:2      | Reached skill level 1 in Dodging
  1446 | D:2      | Reached skill level 3 in Spellcasting
  1446 | D:2      | Reached XP level 4. HP: 30/35 MP: 0/0
  3180 | D:3      | Reached XP level 5. HP: 38/40 MP: 0/0
  3180 | D:3      | Learned a level 2 spell: Poisonous Vapours
  4484 | D:4      | Noticed Robin
  4987 | D:4      | Killed Robin
  4988 | D:4      | Reached skill level 4 in Spellcasting
  5146 | D:4      | Reached XP level 6. HP: 42/46 MP: 0/0
  5381 | D:4      | You are sucked into a shaft and drop 1 floor!
  5381 | D:5      | Entered Level 5 of the Dungeon
  6089 | D:5      | Reached XP level 7. HP: 33/51 MP: 0/0
  6089 | D:5      | Learned a level 3 spell: Lesser Beckoning
  6392 | D:5      | Found a runed translucent door.
  6396 | D:5      | Noticed raistware's ghost (novice OgFE)
  6411 | D:5      | Reached skill level 5 in Spellcasting
  6920 | D:6      | Found Perullah's General Store.
  6922 | D:6      | Bought a scroll of identify for 26 gold pieces
  6922 | D:6      | Bought a scroll of blinking for 97 gold pieces
  6922 | D:6      | Bought a potion of curing for 39 gold pieces
  6950 | D:6      | Noticed Grinder
  6965 | D:6      | Killed Grinder
  6983 | D:6      | Found a staircase to the Ecumenical Temple.
  6993 | D:6      | Reached XP level 8. HP: 55/58 MP: 0/0
  7000 | D:6      | Identified the +4 dagger of the Endless March {flame,
                  | Will+}
  7010 | Temple   | Entered the Ecumenical Temple
  7517 | Temple   | Fell from the grace of Ignis
  7517 | Temple   | Became a worshipper of Ashenzari the Shackled
  7885 | D:6      | Reached skill level 6 in Spellcasting
  8116 | D:6      | Noticed a fire elemental
  8116 | D:6      | Noticed a fire elemental
  8133 | D:6      | HP: 2/58 [fire elemental[the fiery vengeance of Ignis]
                  | (12)]
  8136 | Temple   | Mangled by a fire elemental

Illustrated notes

Levels and vault maps discovered:
D:1:      ncdulo_smallfort, layout_loops_ring
D:2:      layout_basic, uniq_terence
D:3:      layout_loops_cross, hangedman_abyss_or_decor_lesser_grid
D:4:      layout_gridville, grunt_ministairs_12, uniq_robin
D:5:      layout_rooms, ebering_ghost_sewer_d
D:6:      minmay_flawed_box, layout_rooms, minmay_temple_entry_stoned_glass,
          serial_shops, shop, uniq_grinder
Temple:   mainiacjoe_temple_circle_huts

Skill      XL: |  1  2  3  4  5  6  7  8 |
---------------+-------------------------+-----
Short Blades   | 3 |  3.9
Dodging        | 1 2 |  2.7
Spellcasting   | 3 4 5 6 |  6.3
Fighting       | 4 |  4.2

Action                   |  1- 3 |  4- 6 |  7- 9 || total
-------------------------+-------+-------+-------++-------
Melee: Short sword       |    41 |     4 |     8 ||    53
       Unarmed           |       |       |     7 ||     7
       Dagger            |       |       |     2 ||     2
 Cast: Scorch            |    24 |    78 |    27 ||   129
       Poisonous Vapours |       |    50 |    17 ||    67
Invok: Foxfire Swarm     |       |       |     9 ||     9
       Fiery Armour      |       |       |     1 ||     1
  Use: Scroll            |       |       |     4 ||     4
Armor: Robe              |    10 |    13 |    16 ||    39
       Skin              |       |       |     1 ||     1
Dodge: Dodged            |    41 |    34 |    31 ||   106

Table legend: (Time is in decaauts)
 A = Elapsed time spent in this place.
 B = Non-inter-level travel time spent in this place.
 C = Inter-level travel time spent in this place.
 D = Time resting spent in this place.
 E = Time spent auto-exploring this place.
 F = Levels seen in this place.
 G = Mean time per level.
                   A        B        C        D        E       F      G
               +--------+--------+--------+--------+--------+-----+--------+
         Total |   8146 |   7771 |    375 |   2470 |   4182 |   7 | 1163.7 |
       Dungeon |   7421 |   7079 |    342 |   2188 |   3873 |   6 | 1236.8 |
        Temple |    725 |    692 |     33 |    282 |    309 |   1 |  725.0 |
               +--------+--------+--------+--------+--------+-----+--------+

Top non-repeatable levels by time:
     D:3: 2005 daAuts
     D:1: 1409 daAuts
     D:4: 1278 daAuts
     D:2: 1260 daAuts
     D:5: 1007 daAuts
  Temple: 725 daAuts
     D:6: 461 daAuts
